[Event "Titled Tuesday Blitz March 21 Late 2023"]
[White "Duda, Jan-Krzysztof"]
[Black "Mortazavi, Ali"]
[WhiteFideId "1170546"]
[BlackFideId "401323"]
[WhiteElo "2790"]
[BlackElo "2339"]
[Result "1-0"]
[Round "05"]
[TimeControl "180+2"]
[Date "2023.03.21"]
[WhiteClock "0:01:22"]
[BlackClock "0:00:05"]

1. b4 e5 2. Bb2 d6 3. c4 Nf6 4. g3 Nbd7 5. Bg2 g6 6. b5 Bg7 7. a4 a5 8. d3 O-O 9. Nc3 Re8 10. e4 Nc5 11. Nge2 h5 12. O-O h4 13. h3 hxg3 14. fxg3 c6 15. Kh2 Be6 16. Bc1 Nh7 17. Be3 Qd7 18. Rb1 Bf6 19. Qd2 Kg7 20. Bh6+ Kg8 21. Rf2 Bg7 22. Be3 Rad8 23. Rbf1 Bf8 24. g4 Be7 25. Ng3 Bh4 26. Rf3 Qe7 27. Nf5 gxf5 28. exf5 Bc8 29. bxc6 bxc6 30. f6 Qc7 31. Bxc5 e4 32. Bb6 Qxb6 33. Qh6 Bxf6 34. Rxf6 Re6 35. Nxe4 Qd4 36. g5 Qe5+ 37. Kh1 d5 38. Rxe6 1-0


[Site "https://www.chess.com"]

[Event "Titled Tuesday Blitz March 21 Late 2023"]
[White "Vovk, Orest"]
[Black "Deac, Bogdan-Daniel"]
[WhiteFideId "14113490"]
[BlackFideId "1226380"]
[WhiteElo "2215"]
[BlackElo "2649"]
[Result "0-1"]
[Round "05"]
[TimeControl "180+2"]
[Date "2023.03.21"]
[WhiteClock "0:00:03"]
[BlackClock "0:00:34"]

1. h4 d5 2. h5 e5 3. h6 Nxh6 4. d4 Nc6 5. Bxh6 gxh6 6. dxe5 Nxe5 7. Nf3 Nxf3+ 8. gxf3 Bg7 9. Nc3 c6 10. Bh3 Bxh3 11. Rxh3 Qb6 12. Na4 Qa5+ 13. c3 Rg8 14. Qb3 b5 15. Nc5 Bxc3+ 16. Kf1 Bd4 17. Nd3 Rg6 18. e3 Bg7 19. Nf4 Rd6 20. Qc2 O-O-O 21. Rc1 Kb8 22. b3 d4 23. exd4 Bxd4 24. Rd1 Bb6 25. Rxd6 Rxd6 26. Qxh7 Qd2 27. Qg8+ Kb7 28. Qg3 Bc7 29. Rh4 Rd4 0-1


[Site "https://www.chess.com"]

[Event "Titled Tuesday Blitz March 21 Late 2023"]
[White "Yeletsky, Ivan"]
[Black "Omelja, Artem"]
[WhiteFideId "24180327"]
[BlackFideId "14119846"]
[WhiteElo "2414"]
[BlackElo "2404"]
[Result "1-0"]
[Round "05"]
[TimeControl "180+2"]
[Date "2023.03.21"]
[WhiteClock "0:00:12"]
[BlackClock "0:00:02"]

1. b4 Nf6 2. Bb2 e6 3. b5 Be7 4. Nf3 O-O 5. e3 b6 6. a4 a5 7. c4 Bb7 8. Nc3 d5 9. d4 Nbd7 10. Be2 Ne4 11. cxd5 exd5 12. O-O Ndf6 13. Ne5 Nxc3 14. Bxc3 Ne4 15. Be1 Bd6 16. f3 Bxe5 17. fxe4 Bd6 18. e5 Be7 19. Bd3 Bc8 20. Qc2 g6 21. Bg3 Be6 22. Bf4 Bg5 23. Rac1 Rc8 24. Qd2 Bxf4 25. Rxf4 Qg5 26. Qf2 Rfe8 27. h4 Qh6 28. Rc6 Re7 29. g3 Qg7 30. Rf6 Rce8 31. Qc2 Rc8 32. Qf2 Rce8 33. Rc1 Bc8 34. Qf4 Be6 35. Kf2 Kf8 36. g4 Rd7 37. g5 Ke7 38. Rh1 Kd8 39. h5 Qf8 40. hxg6 hxg6 41. Bxg6 Qb4 42. Bd3 Qxa4 43. g6 Qb4 44. gxf7 Bxf7 45. Rxf7 Rxf7 46. Qxf7 Rf8 47. Rh8 Qd2+ 48. Be2 Rxh8 49. Qf6+ Kc8 50. Qxh8+ Kb7 51. Qf6 a4 52. Qc6+ Kb8 53. e6 Qc2 54. e7 Qf5+ 55. Bf3 1-0


[Site "https://www.chess.com"]

[Event "Titled Tuesday Blitz March 21 Late 2023"]
[White "Nazari, Arad"]
[Black "Janaszak, Dawid"]
[WhiteFideId "12577324"]
[BlackFideId "1119206"]
[WhiteElo "2313"]
[BlackElo "2220"]
[Result "0-1"]
[Round "05"]
[TimeControl "180+2"]
[Date "2023.03.21"]
[WhiteClock "0:00:03"]
[BlackClock "0:00:16"]

1. e4 c5 2. Nf3 Nc6 3. Bb5 e5 4. O-O Nge7 5. c3 g6 6. d4 cxd4 7. cxd4 exd4 8. Bf4 Bg7 9. Bd6 O-O 10. Na3 a6 11. Ba4 b5 12. Bb3 Bb7 13. Nc2 Na5 14. Ncxd4 Nxb3 15. Qxb3 Re8 16. Rfe1 Nc6 17. Nxc6 Bxc6 18. e5 Bxf3 19. Qxf3 Rc8 20. Rad1 Qa5 21. a3 Rc2 22. Bb4 Qc7 23. Bc3 Bxe5 24. Qd3 Rxc3 25. bxc3 Bxh2+ 26. Kf1 Rxe1+ 27. Rxe1 Be5 28. Re3 d6 29. g3 Kg7 30. Rf3 Qc5 31. a4 bxa4 32. Qxa6 a3 33. c4 Bb2 34. Kg1 Qh5 35. Kg2 Qe5 36. Qb7 Qe6 37. Qb3 h5 38. Re3 Qf6 39. Re8 Qf5 40. Ra8 Qe4+ 41. Qf3 Qxc4 42. Ra7 Qe6 43. Qa8 Qf6 44. Rb7 Qe6 45. Qa6 Qe4+ 46. Kg1 Qe1+ 47. Kg2 Qe4+ 48. Kh2 Qe6 49. Kg2 Qf6 50. Rb3 d5 51. Qa4 d4 52. Rf3 Qe6 53. Qc2 Qd5 54. Qb1 d3 55. Qxd3 Qxd3 56. Rxd3 a2 57. Rd1 a1=Q 0-1


[Site "https://www.chess.com"]

[Event "Titled Tuesday Blitz March 21 Late 2023"]
[White "EREBUNI91"]
[Black "Papayan, Oleg"]
[BlackFideId "4193911"]
[WhiteElo "2712"]
[BlackElo "2153"]
[Result "1-0"]
[Round "05"]
[TimeControl "180+2"]
[Date "2023.03.21"]
[WhiteClock "0:02:18"]
[BlackClock "0:00:19"]

1. e4 d5 2. exd5 Qxd5 3. Nc3 Qa5 4. Nf3 Nf6 5. Bc4 a6 6. O-O b5 7. Be2 c5 8. d4 cxd4 9. Qxd4 Nc6 10. Qh4 e6 11. Bg5 Be7 12. Ne4 Nxe4 13. Qxe4 Bb7 14. Bxe7 Kxe7 15. Rfd1 Qb4 16. Qe3 Rhd8 17. Qb6 Rab8 18. Qc7+ Ke8 19. Rxd8+ Nxd8 20. Qxb8 Qxb2 21. Rd1 Qxc2 22. Qxd8# 1-0


[Site "https://www.chess.com"]

[Event "Titled Tuesday Blitz March 21 Late 2023"]
[White "Goncalves, Davi Sulzbacher"]
[Black "Jaferian, Koosha"]
[WhiteFideId "2154510"]
[BlackFideId "12507440"]
[WhiteElo "2182"]
[BlackElo "2107"]
[Result "1-0"]
[Round "05"]
[TimeControl "180+2"]
[Date "2023.03.21"]
[WhiteClock "0:00:12"]
[BlackClock "0:00:30"]

1. Nf3 c5 2. g3 g6 3. Bg2 Bg7 4. O-O Nc6 5. c4 e5 6. Nc3 d6 7. d3 Nge7 8. a3 a5 9. Rb1 O-O 10. Bd2 h6 11. Ne1 Be6 12. Nc2 d5 13. cxd5 Nxd5 14. Ne3 Nde7 15. Re1 Kh7 16. Qa4 Qd7 17. Rbc1 b6 18. Nc4 Rab8 19. Nb5 Bd5 20. Bxd5 Qxd5 21. Qb3 Rfd8 22. a4 Nf5 23. e4 Nfd4 24. exd5 Nxb3 25. dxc6 Nxc1 26. c7 Nxd3 27. Rd1 Rbc8 28. cxd8=Q Rxd8 29. Bc3 e4 30. Bxg7 Kxg7 31. Nxb6 f5 32. Nc4 Ra8 33. b3 Kf7 34. f3 Kf6 35. fxe4 fxe4 36. Kf1 Kg5 37. Ke2 Rf8 38. Rf1 Ra8 39. Nbd6 Nb4 40. Rf4 h5 41. Nf7# 1-0


[Site "https://www.chess.com"]

[Event "Titled Tuesday Blitz March 21 Late 2023"]
[White "Bitoon, Richard"]
[Black "angelgab3"]
[WhiteFideId "5201110"]
[WhiteElo "2374"]
[BlackElo "2516"]
[Result "0-1"]
[Round "05"]
[TimeControl "180+2"]
[Date "2023.03.21"]
[WhiteClock "0:00:21"]
[BlackClock "0:01:06"]

1. e4 c5 2. c3 d5 3. exd5 Qxd5 4. d4 g6 5. Na3 Bg7 6. Nb5 Qd8 7. dxc5 Qxd1+ 8. Kxd1 Na6 9. Be3 Nh6 10. f3 O-O 11. Kc2 Rd8 12. Bd3 Bd7 13. a4 Rdc8 14. b4 Nxb4+ 15. cxb4 Bxa1 16. Bxh6 b6 17. Be3 a6 18. Nc3 Bxc3 19. Kxc3 Bxa4 20. Ne2 a5 21. Ra1 axb4+ 22. Kxb4 bxc5+ 23. Kc3 c4 24. Be4 Bc6 25. Rxa8 Bxa8 26. Bxa8 Rxa8 27. Kxc4 Ra2 28. Kd3 h5 29. Bd2 Ra1 30. Ke3 Rh1 31. Ng3 Rxh2 32. Kf2 Rh4 33. Bg5 Ra4 34. Bxe7 Ra2+ 35. Kg1 Kg7 36. Ne4 Re2 37. Bf6+ Kh6 38. Kf1 Ra2 39. Ng5 Ra7 40. g3 Rb7 41. Kg2 Ra7 42. Kf2 Rb7 43. Ke3 Ra7 44. Kd4 Rb7 45. Kc5 Ra7 46. Kc6 Ra6+ 47. Kd5 Rxf6 48. f4 Rf5+ 49. Ke4 Rxg5 50. fxg5+ Kxg5 51. Kf3 Kf5 52. Kf2 Kg4 53. Kg2 f6 54. Kf2 g5 55. Kg2 f5 56. Kf2 h4 57. gxh4 Kxh4 58. Kf3 g4+ 59. Kf4 Kh3 60. Kxf5 g3 61. Kf4 g2 62. Ke3 g1=Q+ 63. Kf4 Qf2+ 64. Ke5 Qf3 65. Kd4 Kg4 66. Ke5 Qc6 67. Kd4 Kf4 68. Kd3 Qc5 69. Kd2 Qc4 70. Kd1 Qa2 71. Kc1 Ke3 72. Kd1 Qd2# 0-1


[Site "https://www.chess.com"]

[Event "Titled Tuesday Blitz March 21 Late 2023"]
[White "Luo, Terry"]
[Black "Martynov, Pavel"]
[WhiteFideId "30931045"]
[BlackFideId "4101260"]
[WhiteElo "2265"]
[BlackElo "2314"]
[Result "0-1"]
[Round "05"]
[TimeControl "180+2"]
[Date "2023.03.21"]
[WhiteClock "0:00:46"]
[BlackClock "0:01:17"]

1. d4 d5 2. c4 e6 3. Nf3 c5 4. cxd5 exd5 5. g3 Nc6 6. Bg2 Nf6 7. O-O Be7 8. dxc5 O-O 9. Nc3 Bxc5 10. Na4 Be7 11. Be3 Re8 12. Rc1 h6 13. Nc5 Bxc5 14. Bxc5 Bg4 15. h3 Be6 16. Nd4 Qd7 17. Nxe6 Qxe6 18. e3 Rad8 19. Bd4 Ne4 20. Qb3 Nxd4 21. exd4 Nd2 22. Qxb7 Nxf1 23. Rxf1 Qb6 24. Qxb6 axb6 25. Bf3 Rd6 26. Rc1 Rf6 27. Kg2 Rd8 28. Rc7 g5 29. a4 Ra8 30. b3 Rd8 31. Rb7 Rfd6 32. Rc7 Re8 33. Kf1 Kg7 34. Bh5 Rf8 35. Ke2 Kf6 36. Kd3 Ke6 37. Bf3 Rfd8 38. Rb7 f5 39. Bg2 R8d7 40. Rb8 Rc7 41. Re8+ Kf6 42. Re5 Rcd7 43. f4 Rd8 44. Bf3 R8d7 45. Kd2 Rd8 46. Kd3 gxf4 47. gxf4 Rg8 48. Bxd5 Rg3+ 49. Kc4 Rxh3 50. b4 Rh4 51. a5 bxa5 52. bxa5 Rxf4 53. Kc5 Rd7 54. Re6+ Kg5 55. a6 Rf1 56. Bb7 Rc1+ 57. Kb6 Rxd4 58. a7 Rb4+ 59. Ka5 Rxb7 0-1


[Site "https://www.chess.com"]

[Event "Titled Tuesday Blitz March 21 Late 2023"]
[White "Escanor89"]
[Black "Skvortsov, Andrei"]
[BlackFideId "24108600"]
[WhiteElo "2506"]
[BlackElo "2259"]
[Result "0-1"]
[Round "05"]
[TimeControl "180+2"]
[Date "2023.03.21"]
[WhiteClock "0:00:02"]
[BlackClock "0:00:17"]

1. c4 e6 2. Nc3 d5 3. d4 h6 4. Bf4 Bd6 5. Bg3 Nf6 6. e3 a6 7. Nf3 dxc4 8. Bxc4 b5 9. Bb3 Bb7 10. O-O c5 11. dxc5 Bxc5 12. Ne5 Qe7 13. a4 b4 14. Ne2 Ne4 15. Nd3 Nxg3 16. hxg3 Bd6 17. a5 O-O 18. Rc1 Nd7 19. Nd4 Rfc8 20. Qd2 Nf6 21. Rxc8+ Rxc8 22. Rc1 Rxc1+ 23. Qxc1 Qd8 24. Nc6 Qc7 25. Ba4 Nd5 26. Qc4 Ne7 27. Nxe7+ Qxe7 28. e4 Qd8 29. e5 Bf8 30. Nxb4 Qxa5 31. Nc6 Qe1+ 32. Qf1 Qe4 33. Nd8 Bd5 34. Bd1 Qxe5 35. Bf3 Bxf3 36. gxf3 Qc7 37. Qd3 Be7 0-1


[Site "https://www.chess.com"]

[Event "Titled Tuesday Blitz March 21 Late 2023"]
[White "Miszler, Levente"]
[Black "Herrera Reyes, Jose Antonio"]
[WhiteFideId "763276"]
[BlackFideId "2274914"]
[WhiteElo "2176"]
[BlackElo "2273"]
[Result "0-1"]
[Round "05"]
[TimeControl "180+2"]
[Date "2023.03.21"]
[WhiteClock "0:00:16"]
[BlackClock "0:01:26"]

1. Nf3 Nf6 2. c4 g6 3. g3 Bg7 4. Bg2 d6 5. O-O Nc6 6. Nc3 h5 7. d3 h4 8. Nxh4 Bg4 9. Qa4 Qd7 10. Nd5 Bh3 11. Nxc7+ Kf8 12. Nxa8 Rxh4 13. f3 Rh5 14. Bxh3 Qxh3 15. Rf2 Qc8 16. Be3 Qxa8 17. Rb1 Qc8 18. b4 Qe6 19. Bd2 Nd7 20. b5 Nd4 21. Qxa7 Bf6 22. e3 Nc5 23. Qa3 Qf5 24. e4 Nxf3+ 25. Rxf3 Qxf3 26. Rf1 Bd4+ 0-1


[Site "https://www.chess.com"]

[Event "Titled Tuesday Blitz March 21 Late 2023"]
[White "Golubev, Mikhail"]
[Black "Domingo Nunez, Ruben"]
[WhiteFideId "14100983"]
[BlackFideId "22245570"]
[WhiteElo "2374"]
[BlackElo "2404"]
[Result "0-1"]
[Round "05"]
[TimeControl "180+2"]
[Date "2023.03.21"]
[WhiteClock "0:00:02"]
[BlackClock "0:01:32"]

1. e4 g6 2. d4 Bg7 3. c4 c6 4. Nc3 d6 5. Be2 e6 6. f4 d5 7. e5 h5 8. Nf3 Nh6 9. Be3 Ng4 10. Bg1 h4 11. Ng5 Nh6 12. Bf2 Nf5 13. c5 b6 14. b4 Ba6 15. Bxa6 Nxa6 16. Qa4 Nb8 17. cxb6 Qxb6 18. O-O O-O 19. Rfb1 Nd7 20. Qc2 Bh6 21. Qd3 Bxg5 22. fxg5 a5 23. Na4 Qc7 24. b5 cxb5 25. Qxb5 Rfc8 26. Qd3 Qd8 27. Qd2 Rc4 28. Nb2 Rc6 29. Nd3 Rac8 30. Rb2 Nb6 31. Qe2 Na4 32. Rb3 Nc3 0-1


[Site "https://www.chess.com"]

[Event "Titled Tuesday Blitz March 21 Late 2023"]
[White "Diaz Perez, Michel Alejandro"]
[Black "Kashefi, Amir Hosein"]
[WhiteFideId "3517179"]
[BlackFideId "12557935"]
[WhiteElo "2333"]
[BlackElo "2078"]
[Result "1-0"]
[Round "05"]
[TimeControl "180+2"]
[Date "2023.03.21"]
[WhiteClock "0:00:09"]
[BlackClock "0:00:01"]

1. Nf3 d5 2. c4 c6 3. b3 Nf6 4. Qc2 g6 5. Bb2 Bg7 6. g3 O-O 7. Bg2 Bf5 8. d3 Nbd7 9. Nbd2 Re8 10. h3 h5 11. e4 dxe4 12. dxe4 Be6 13. Ng5 Nc5 14. Nxe6 Nxe6 15. Rd1 Nd4 16. Qd3 e5 17. Nf3 c5 18. O-O Nd7 19. Ne1 Nf8 20. Nc2 h4 21. Ne3 Nfe6 22. Nd5 b6 23. Bc1 Qd6 24. gxh4 Nf4 25. Bxf4 exf4 26. Rfe1 Be5 27. Kh1 Kg7 28. h5 Rh8 29. Bf3 Qe6 30. Bg4 Qc6 31. Rg1 g5 32. h4 Rag8 33. hxg5 Kf8 34. Bf3 Qg6 35. Rg2 Rxh5+ 36. Bxh5 Qxh5+ 37. Rh2 Qxg5 38. Qh3 Ne6 39. Rg2 Qxg2+ 40. Qxg2 Rxg2 41. Kxg2 Nd4 42. f3 Nc2 43. Rh1 Kg7 44. Rh4 Nd4 45. Nxf4 Nc2 46. Nd5 Nd4 47. f4 Bd6 48. e5 Bf8 49. Rg4+ Kh7 50. Kf2 Kh6 51. Rg8 Bg7 52. Ke3 Kh7 53. Ra8 Nc2+ 54. Ke4 Nd4 55. f5 Nc6 56. f6 Bh6 57. Rc8 Nb4 58. Rc7 Nc2 59. Rxf7+ Kg6 60. Rxa7 Ne1 61. Ne7+ 1-0


[Site "https://www.chess.com"]

[Event "Titled Tuesday Blitz March 21 Late 2023"]
[White "Sztokbant, Bernardo Vainzoff"]
[Black "Sai Krishna G V"]
[WhiteFideId "2115956"]
[BlackFideId "5028280"]
[WhiteElo "2222"]
[BlackElo "2359"]
[Result "1-0"]
[Round "05"]
[TimeControl "180+2"]
[Date "2023.03.21"]
[WhiteClock "0:00:08"]
[BlackClock "0:00:01"]

1. e4 c5 2. Nc3 g6 3. f4 Bg7 4. Nf3 e6 5. g3 Ne7 6. Bg2 O-O 7. O-O d5 8. d3 Nbc6 9. e5 f6 10. exf6 Bxf6 11. Re1 Nf5 12. Ne2 Qb6 13. c3 d4 14. Qb3 c4 15. Qxb6 axb6 16. dxc4 d3 17. g4 dxe2 18. gxf5 Na5 19. fxg6 Nb3 20. gxh7+ Kxh7 21. Rb1 Rxa2 22. Be3 e5 23. fxe5 Be7 24. Rxe2 Bg4 25. Rf2 Kg6 26. Rbf1 Rd8 27. Nd4 Nc5 28. b4 Rxf2 29. Rxf2 Ne6 30. Bxb7 Kh5 31. Bd5 Nxd4 32. Bxd4 Bh4 33. Rf7 Re8 34. Kg2 Bd1 35. Rf5+ Kg6 36. Be4 Kh6 37. Be3+ Kh7 38. Rf8+ Kg7 39. Rxe8 1-0


[Site "https://www.chess.com"]

[Event "Titled Tuesday Blitz March 21 Late 2023"]
[White "Shapiro, Viktor"]
[Black "Gunduz, Umut Erdem"]
[WhiteFideId "4175700"]
[BlackFideId "6381383"]
[WhiteElo "2152"]
[BlackElo "2182"]
[Result "1-0"]
[Round "05"]
[TimeControl "180+2"]
[Date "2023.03.21"]
[WhiteClock "0:01:08"]
[BlackClock "0:00:01"]

1. c4 c5 2. Nc3 Nc6 3. g3 g6 4. Bg2 Bg7 5. Nf3 Nh6 6. O-O Nf5 7. e3 O-O 8. d3 a6 9. a3 Rb8 10. Bd2 b5 11. cxb5 axb5 12. Rc1 b4 13. Na4 d6 14. d4 Ba6 15. Re1 c4 16. d5 bxa3 17. bxa3 Na5 18. e4 Nd4 19. Nxd4 Bxd4 20. Bxa5 Qxa5 21. Qxd4 Qxa4 22. e5 Qxa3 23. Ra1 dxe5 24. Qxe5 Qd3 25. Rxa6 c3 26. Rc6 c2 27. Be4 Qd2 28. Bxc2 Rfd8 29. Rc5 Rd6 30. Qxe7 Rxd5 31. Rxd5 Qxd5 32. Qe5 Qd8 33. Be4 Rb3 34. Bd5 Rb8 35. Qf4 Qxd5 36. Qxb8+ 1-0


[Site "https://www.chess.com"]

[Event "Titled Tuesday Blitz March 21 Late 2023"]
[White "Toniutti, Ezio"]
[Black "JackRodgers"]
[WhiteFideId "113034"]
[WhiteElo "2215"]
[BlackElo "2477"]
[Result "0-1"]
[Round "05"]
[TimeControl "180+2"]
[Date "2023.03.21"]
[WhiteClock "0:00:02"]
[BlackClock "0:00:20"]

1. d4 Nf6 2. c4 c5 3. d5 e5 4. Nc3 d6 5. e4 Be7 6. Nf3 Nbd7 7. Be2 Nf8 8. O-O Ng6 9. Ne1 O-O 10. Nd3 h6 11. a3 a6 12. b4 b6 13. Rb1 Nh7 14. bxc5 bxc5 15. Be3 Bg5 16. Qd2 Bxe3 17. fxe3 Bd7 18. Rb7 Rb8 19. Rfb1 Rxb7 20. Rxb7 Bc8 21. Rb3 Nh4 22. Qe1 f5 23. exf5 Bxf5 24. e4 Bc8 25. Qg3 g5 26. h3 Nf6 27. Nf2 Kg7 28. Ncd1 Qa5 29. Qc3 Qd8 30. Ne3 h5 31. Qe1 Ng6 32. g3 h4 33. Nf5+ Bxf5 34. exf5 hxg3 35. Ng4 Nxg4 36. hxg4 Nf4 37. Rxg3 Rh8 38. Bf1 Qb6 39. Bg2 Qb2 40. Qf2 Qa1+ 41. Bf1 Kf6 42. Qf3 Qe1 43. Qf2 Qc1 44. Qf3 a5 45. a4 Qa1 46. Qf2 Nh3+ 47. Rxh3 Rxh3 48. Kg2 Qc3 49. Be2 Re3 50. Bf3 Rd3 51. Kg3 Qxc4 52. Qh2 Qf4+ 53. Kg2 Qxh2+ 54. Kxh2 Rxf3 0-1


[Site "https://www.chess.com"]

[Event "Titled Tuesday Blitz March 21 Late 2023"]
[White "Becerra, Juan David"]
[Black "Jessel, Stephen"]
[WhiteFideId "4404998"]
[BlackFideId "628859"]
[WhiteElo "2282"]
[BlackElo "2268"]
[Result "0-1"]
[Round "05"]
[TimeControl "180+2"]
[Date "2023.03.21"]
[WhiteClock "0:00:05"]
[BlackClock "0:00:04"]

1. e4 a6 2. d4 e6 3. Bd3 d5 4. e5 Bd7 5. c3 Bb5 6. Bc2 a5 7. a4 Ba6 8. Ne2 c5 9. O-O Nc6 10. Re1 Qb6 11. Na3 Bxe2 12. Qxe2 cxd4 13. Nb5 Bc5 14. Bg5 Nge7 15. Nd6+ Bxd6 16. exd6 Ng6 17. d7+ Kxd7 18. c4 dxc4 19. Qxc4 Rhc8 20. Qe2 Nce5 21. Be4 Ke8 22. Qh5 h6 23. Bh4 Rc5 24. Bg3 Kf8 25. Qe2 Rd8 26. f4 d3 27. Qf2 Ng4 28. Qf3 Rc2+ 29. Kh1 Nf2+ 30. Bxf2 Rxf2 31. Qg3 Nxf4 32. Rf1 Rxf1+ 33. Rxf1 e5 34. Qf3 d2 35. g3 d1=Q 36. Rxd1 Rxd1+ 37. Qxd1 Ne6 38. Qc2 Nc5 39. Bd5 Qd6 40. Bc4 b6 41. Qf5 Qc6+ 42. Kg1 Qf6 43. Qc8+ Ke7 44. Qc7+ Kf8 45. Qb8+ Ke7 46. Bb5 Qd6 47. Qa7+ Kf6 48. Bc4 Qd4+ 49. Kh1 Qxc4 50. Qxb6+ Ne6 0-1


[Site "https://www.chess.com"]

[Event "Titled Tuesday Blitz March 21 Late 2023"]
[White "Panesso Rivera, Henry"]
[Black "Stelmaszyk, Nico"]
[WhiteFideId "4402707"]
[BlackFideId "16200462"]
[WhiteElo "2345"]
[BlackElo "2255"]
[Result "0-1"]
[Round "05"]
[TimeControl "180+2"]
[Date "2023.03.21"]
[WhiteClock "0:00:19"]
[BlackClock "0:00:46"]

1. Nf3 d5 2. c4 e6 3. d4 Nf6 4. Nc3 dxc4 5. g3 c5 6. dxc5 Qxd1+ 7. Nxd1 Bxc5 8. Ne5 Nbd7 9. Nxc4 Bb4+ 10. Bd2 Bxd2+ 11. Nxd2 Ke7 12. Bg2 Rd8 13. Nc3 Nc5 14. O-O-O Rb8 15. Nc4 Bd7 16. Ne5 Be8 17. h3 b5 18. Rxd8 Rxd8 19. Rd1 Rxd1+ 20. Nxd1 b4 21. Bc6 Nfd7 22. Bxd7 Bxd7 23. f3 f6 24. Ng4 e5 25. Ngf2 Bb5 26. Kd2 Kd6 27. Ne3 g6 28. h4 a5 29. g4 Ke6 30. Nf1 f5 31. g5 a4 32. e3 a3 33. Ng3 b3 0-1


[Site "https://www.chess.com"]

[Event "Titled Tuesday Blitz March 21 Late 2023"]
[White "Guliev, Logman"]
[Black "Kakabayev, Mergen"]
[WhiteFideId "13400061"]
[BlackFideId "14002990"]
[WhiteElo "2161"]
[BlackElo "2259"]
[Result "0-1"]
[Round "05"]
[TimeControl "180+2"]
[Date "2023.03.21"]
[WhiteClock "0:00:10"]
[BlackClock "0:01:28"]

1. e4 e6 2. d4 d5 3. Nd2 c5 4. exd5 Qxd5 5. Ngf3 cxd4 6. Bc4 Qd6 7. O-O Nf6 8. Nb3 Nc6 9. Nbxd4 Nxd4 10. Nxd4 a6 11. Bb3 Be7 12. c3 O-O 13. Qf3 Qc7 14. Bg5 h6 15. Bh4 Rb8 16. Rfe1 b5 17. Nc6 Bb7 18. Nxe7+ Qxe7 19. Bxf6 Qxf6 20. Qxf6 gxf6 21. Red1 Rfd8 22. f3 Kf8 23. Kf2 Ke7 24. Ke3 Bc6 25. g3 a5 26. a3 h5 27. Rxd8 Rxd8 28. Rd1 Rh8 29. Rd4 e5 30. Rh4 f5 31. g4 f4+ 32. Ke2 Kf6 33. Rxh5 Rxh5 34. gxh5 Be8 35. Kd3 Kg5 36. c4 bxc4+ 37. Bxc4 f5 38. Bd5 Bxh5 39. b4 axb4 40. axb4 Be8 41. Kc4 e4 42. fxe4 f3 43. e5 Bf7 44. Kd4 Bxd5 45. Ke3 f4+ 46. Kf2 Kf5 47. b5 Kxe5 48. h4 Kf5 49. b6 Kg4 0-1


[Site "https://www.chess.com"]

[Event "Titled Tuesday Blitz March 21 Late 2023"]
[White "Taboas Rodriguez, Daniel"]
[Black "Gonzalez, Francisco Silva"]
[WhiteFideId "2208466"]
[BlackFideId "1512285"]
[WhiteElo "2365"]
[BlackElo "2074"]
[Result "1-0"]
[Round "05"]
[TimeControl "180+2"]
[Date "2023.03.21"]
[WhiteClock "0:01:06"]
[BlackClock "0:01:55"]

1. d4 Nf6 2. Nf3 d5 3. c4 e6 4. Bg5 dxc4 5. e3 Nbd7 6. Bxc4 a6 7. O-O b5 8. Bd3 c5 9. Be4 Ra7 10. a4 h6 11. Bxf6 Nxf6 12. Bc6+ Bd7 13. axb5 Bxc6 14. bxc6 Qb6 15. Qa4 Rc7 16. Qxa6 Qxc6 17. Qa8+ Rc8 18. Qxc6+ Rxc6 19. Ra8+ Ke7 20. Ne5 Rb6 21. Ra7+ Ke8 22. Nxf7 Rg8 23. Ne5 Rxb2 24. Nc3 cxd4 25. exd4 Bd6 26. Nc4 Bb4 27. Nxb2 Bxc3 28. Rc1 Nd5 29. Na4 Ba5 30. Rc8+ Bd8 31. Rxd8+ Kxd8 32. Ra8+ Kc7 33. Rxg8 g5 34. Rg6 Nf4 35. Rxh6 Ne2+ 36. Kf1 Nxd4 37. Rg6 Kd6 38. Rxg5 e5 39. Nc3 Ke6 40. h4 Nb3 41. h5 Nc5 42. h6 Kf6 43. Rg3 Ne4 44. Nxe4+ 1-0


[Site "https://www.chess.com"]

[Event "Titled Tuesday Blitz March 21 Late 2023"]
[White "Huber, Benedikt"]
[Black "Melikyan, Gnel"]
[WhiteFideId "12923583"]
[BlackFideId "54109990"]
[WhiteElo "2199"]
[BlackElo "2138"]
[Result "0-1"]
[Round "05"]
[TimeControl "180+2"]
[Date "2023.03.21"]
[WhiteClock "0:00:01"]
[BlackClock "0:00:32"]

1. d4 f6 2. e4 d6 3. Bd3 e5 4. Nf3 Nc6 5. Be3 Nge7 6. Nc3 Ng6 7. d5 Nb8 8. h4 Be7 9. Qd2 a6 10. h5 Nf8 11. Nh4 g5 12. hxg6 hxg6 13. O-O-O b5 14. f4 exf4 15. Bd4 c5 16. dxc6 Nxc6 17. Nf3 Rxh1 18. Rxh1 g5 19. Nd5 Rb8 20. Qc3 Ne5 21. Bxe5 dxe5 22. Nc7+ Kf7 23. Qb3+ Kg7 24. Nd5 Be6 25. c3 Rc8 26. Kb1 Ng6 27. Qc2 g4 28. Nh4 Nxh4 29. Rxh4 f5 30. Qe2 Bxh4 31. exf5 Qxd5 32. Qxg4+ Kf8 33. Bc2 Qxa2+ 34. Kc1 Bf6 35. fxe6 Ke7 36. Bf5 Rh8 37. Qf3 e4 38. Qxe4 Rh1+ 39. Kd2 Qxb2+ 40. Kd3 Qxc3+ 41. Ke2 Re1+ 0-1


[Site "https://www.chess.com"]

[Event "Titled Tuesday Blitz March 21 Late 2023"]
[White "Alex_Sahakyan2006"]
[Black "aidenzhouu"]
[WhiteElo "2624"]
[BlackElo "2448"]
[Result "0-1"]
[Round "05"]
[TimeControl "180+2"]
[Date "2023.03.21"]
[WhiteClock "0:00:07"]
[BlackClock "0:00:19"]

1. e4 c6 2. Nc3 d5 3. Nf3 dxe4 4. Nxe4 Nf6 5. Qe2 Nxe4 6. Qxe4 Qa5 7. Bc4 Bf5 8. Qf4 e6 9. O-O Nd7 10. c3 Be7 11. d4 O-O 12. Nh4 Bxh4 13. Qxh4 Qd8 14. Bg5 Nf6 15. a4 h6 16. Bxf6 Qxf6 17. Qxf6 gxf6 18. a5 Be4 19. Ra4 b5 20. axb6 axb6 21. Rxa8 Rxa8 22. f3 Bg6 23. Kf2 Kf8 24. Ke3 Ke7 25. Bd3 Kd6 26. Bxg6 fxg6 27. Kd3 Ra2 28. Kc2 Ra5 29. h3 e5 30. Rd1 exd4 31. Rxd4+ Rd5 32. Rh4 h5 33. Ra4 Re5 34. Kd3 Rd5+ 35. Ke3 Re5+ 36. Kd3 Rd5+ 37. Rd4 c5 38. Rxd5+ Kxd5 39. c4+ Ke5 40. Ke3 h4 41. f4+ Kf5 42. Kf3 g5 43. fxg5 fxg5 44. g3 hxg3 45. Kxg3 Kf6 46. Kg4 Kg6 47. Kg3 Kf5 48. Kf3 Kf6 49. Ke4 Ke6 50. b3 Kf6 51. Kd5 Kf5 52. Kc6 Kf4 53. Kxb6 Kg3 54. Kxc5 Kxh3 55. b4 g4 56. b5 g3 57. b6 g2 58. b7 g1=Q+ 59. Kc6 Qg3 60. c5 Kg4 61. Kd7 Qb8 62. c6 Kf5 63. c7 Qxb7 64. Kd8 Qb6 65. Kd7 Qb7 66. Kd8 Qd5+ 67. Ke7 Qc6 68. Kd8 Qd6+ 69. Kc8 Ke6 70. Kb7 Qb4+ 71. Kc8 Kd6 72. Kd8 Qb6 0-1


[Site "https://www.chess.com"]

[Event "Titled Tuesday Blitz March 21 Late 2023"]
[White "Meissner, Felix"]
[Black "Gontcharov, Vladislav"]
[WhiteFideId "24671827"]
[BlackFideId "4123492"]
[WhiteElo "2350"]
[BlackElo "2470"]
[Result "0-1"]
[Round "05"]
[TimeControl "180+2"]
[Date "2023.03.21"]
[WhiteClock "0:01:29"]
[BlackClock "0:00:13"]

1. e4 e6 2. d4 d5 3. Nd2 c5 4. exd5 exd5 5. Ngf3 Nc6 6. Bb5 Bd6 7. O-O Ne7 8. dxc5 Bxc5 9. Nb3 Bd6 10. c3 h6 11. h3 O-O 12. Re1 Bc7 13. Bf1 a5 14. g3 a4 15. Nbd4 Ng6 16. Bg2 Nce7 17. Nb5 Bb6 18. Be3 Bd7 19. Nbd4 Qc7 20. Qd2 Kh7 21. h4 Rfe8 22. h5 Nf8 23. Bf4 Qc8 24. Ne5 f6 25. Qd3+ Kg8 26. Nxd7 Qxd7 27. Kh2 Nc6 28. Bh3 Qf7 29. Bg4 Bxd4 30. cxd4 Nb4 31. Qf5 Rec8 32. Bd6 Nc6 33. Rad1 Re8 34. a3 Rxe1 35. Rxe1 Nxd4 36. Qd3 f5 37. Re7 Qf6 38. Bd1 Nfe6 39. Rxb7 f4 40. Qg6 fxg3+ 41. Kxg3 Qxg6+ 42. hxg6 Nf5+ 43. Kg4 Nxd6 44. Rb6 Rd8 45. Bxa4 Nd4 46. Bd1 Ne4 47. Ba4 Nxf2+ 48. Kf4 Nd3+ 49. Ke3 Nc5 50. Kxd4 Nxa4 51. Rb4 Ra8 52. Kxd5 Kf8 53. Kd4 Ke7 54. b3 Nb2 55. a4 Kf6 56. Rb6+ Kg5 57. Kc3 Nxa4+ 58. bxa4 Rxa4 59. Kd3 Rf4 60. Ke3 Rf6 61. Rb7 Kxg6 62. Ke4 h5 63. Ke3 Kg5 64. Rb4 g6 65. Rb5+ Rf5 0-1


[Site "https://www.chess.com"]